 Dungeon Crawl Stone Soup version 0.21.1-1-g345015f (webtiles) character file.

497 Mgcat the Martial Artist (level 7, -1/48 HPs)
             Began as a Merfolk Transmuter on Mar 11, 2018.
             Slain by a phantom (5 damage)
             ... on level 4 of the Dungeon.
             The game lasted 00:10:03 (3687 turns).

Mgcat the Martial Artist (Merfolk Transmuter)       Turns: 3687, Time: 00:10:03

Health: -1/48      AC:  2    Str: 12    XL:     7   Next: 15%
Magic:  13/19      EV: 21    Int: 12    God:
Gold:   14         SH:  0    Dex: 20    Spells: 4/10 levels left

rFire    . . .     SeeInvis .     - Unarmed
rCold    . . .     Gourm    .   (shield currently unavailable)
rNeg     . . .     Faith    .   (armour currently unavailable)
rPois    x         Spirit   .   (helmet currently unavailable)
rElec    .         Reflect  .   (cloak currently unavailable)
rCorr    .         Harm     .   (gloves currently unavailable)
MR       .....                  (boots currently unavailable)
Stlth    ++........             (no amulet)
HPRegen  0.16/turn              f - ring of magical power {MP+9}
MPRegen  0.16/turn              (no ring)

@: lethally poisoned (-1 -> -7), spider-form, very slightly contaminated
A: tiny, (change form in water), (swift swim), (stealthy swim)
a: End Transformation


You were on level 4 of the Dungeon.
You were not hungry.
You were a venomous arachnid creature.
You visited 1 branch of the dungeon, and saw 4 of its levels.

You collected 213 gold pieces.
You spent 199 gold pieces at shops.

Inventory:

Missiles
 a - 62 arrows
Armour
 b - a +0 robe (melded)
 x - the +1 pair of gloves "Deiminud" (melded) {rElec rCorr Str+5 Dex+2}
   (You bought it in a shop on level 4 of the Dungeon)

   It affects your strength (+5).
   It affects your dexterity (+2).
   It insulates you from electricity.
   It protects you from acid and corrosion.
 y - a +1 helmet of see invisible
   (You took it off Robin on level 4 of the Dungeon)
Jewellery
 f - a ring of magical power (left front leg) {MP+9}
   (You found it on level 1 of the Dungeon)
Wands
 h - a wand of digging (6)
   (You took it off Ijyb on level 3 of the Dungeon)
Scrolls
 e - a scroll of fear {unknown}
 j - a scroll of amnesia {unknown}
 k - 2 scrolls of enchant armour {unknown}
 l - a scroll of teleportation {unknown}
 o - a scroll of enchant weapon {unknown}
 p - 2 scrolls of identify {unknown}
 q - a scroll of magic mapping {unknown}
 r - 2 scrolls of remove curse {unknown}
 u - a scroll of fog {unknown}
Potions
 g - 3 potions of degeneration {unknown}
 i - a potion of invisibility {unknown}
 m - 2 potions of curing {unknown}
 n - 2 potions of heal wounds {unknown}
 s - a potion of resistance {unknown}
 t - a potion of lignification {unknown}
 v - a potion of might {unknown}
Books
 c - a book of Changes
Comestibles
 d - 7 rations
 w - 14 chunks of flesh {@w0}


   Skills:
 - Level 1.1 Fighting
 - Level 2.6 Dodging
 + Level 8.7 Unarmed Combat
 - Level 2.0 Spellcasting
 - Level 2.6 Transmutations


You had 4 spell levels left.
You knew the following spells:

 Your Spells              Type           Power        Failure   Level  Hunger
a - Beastly Appendage     Tmut           #.....       22%         1    ##.....
b - Sticks to Snakes      Tmut           #.......     32%         2    ###....
c - Spider Form           Tmut/Pois      #.........   65%         3    ####...


Dungeon Overview and Level Annotations

Branches:
Dungeon (4/15)
 Temple: D:4-7

Altars:
Fedhas
Kikubaaqudgha
Okawaru
Ru
Uskayaw
Zin

Shops:
D:4 [


Message History

The sling bullet closely misses you.
You hit Robin.
Robin is poisoned.
Robin is lightly wounded.
Robin roars a battlecry!
The goblin goes into a battle-frenzy!
You hit Robin.
Robin looks as sick as possible!
Robin is heavily wounded.
The goblin shoots a sling bullet.
The sling bullet completely misses you. Robin misses you.
You bite Robin!
You kill Robin!
The goblin shoots a sling bullet.
The sling bullet misses you.
The goblin unwields an uncursed hunting sling.
The goblin completely misses you.
You bite the goblin!
You kill the goblin!
Your transformation has ended.
The +1 pair of gloves "Deiminud" {rElec rCorr Str+5 Dex+2} unmelds from your body.
Your +0 robe unmelds from your body.
Magic restored.
You butcher the goblin corpse.
w - 4 chunks of flesh {@w0} (gained 3)
You butcher the hobgoblin corpse.
w - 5 chunks of flesh {@w0} (gained 1)
You butcher the goblin corpse.
w - 7 chunks of flesh {@w0} (gained 2)
You butcher the goblin corpse.
w - 10 chunks of flesh {@w0} (gained 3)
You butcher the goblin corpse.
w - 13 chunks of flesh {@w0} (gained 3)
Items here: ))))) ÷÷ x2
y - a shiny helmet
Things that are here:
an enchanted trident; an animal skin
Items here: ))))) ÷÷
Things that are here:
an uncursed hunting sling; 12 sling bullets; a dagger You butcher the goblin corpse.
w - 14 chunks of flesh {@w0} (gained 1)
You see here a goblin skeleton. x2
Items here: ))))) ÷÷ A scorpion comes into view.
A phantom comes into view.
The phantom moves out of view.
Casting: Spider Form
Confirm with . or Enter, or press ? or * to list all spells.
You miscast Spider Form.
You are very lightly contaminated with residual magic.
Your hands glow momentarily.
Casting: Spider Form
Confirm with . or Enter, or press ? or * to list all spells.
You grow a pair of large bovine horns.
You punch the scorpion! Your headbutt misses the scorpion.
The scorpion is severely wounded.
The scorpion stings you!
You are poisoned.
The scorpion poisons you!
You closely miss the scorpion. You headbutt the scorpion.
You punch the scorpion, but do no damage.
The scorpion is severely wounded.
You feel sick. The scorpion stings you.
You are more poisoned.
The scorpion poisons you!
You closely miss the scorpion. Your headbutt misses the scorpion.
The scorpion is severely wounded.
You feel sick. The phantom hits you.
The phantom blinks!
You closely miss the scorpion.
The scorpion is severely wounded.
You feel sick. The scorpion stings you.
You hit the scorpion. Your headbutt misses the scorpion.
The scorpion is severely wounded.
You feel sick. The scorpion barely misses you.
You hit the scorpion but do no damage.
The scorpion is severely wounded.
You feel sick.
The scorpion stings you but does no damage.
You hit the scorpion.
You kill the scorpion!
You feel sick. The phantom hits you.
* * * LOW HITPOINT WARNING * * *
You barely miss the phantom. Your headbutt misses the phantom.
You feel sick.
The phantom hits you but does no damage.
You punch the phantom! Your headbutt misses the phantom.
The phantom is moderately damaged.
The phantom hits you.
* * * LOW HITPOINT WARNING * * *
You closely miss the phantom.
The phantom is moderately damaged.
Your transformation is almost over.
You feel sick. The phantom hits you.
* * * LOW HITPOINT WARNING * * *
Casting: Beastly Appendage
Confirm with . or Enter, or press ? or * to list all spells.
Your horns disappear.
You turn into a venomous arachnid creature.
The +1 pair of gloves "Deiminud" {rElec rCorr Str+5 Dex+2} melds into your body.
Your +0 robe melds into your body.
* * * LOW HITPOINT WARNING * * *
You feel sick. The phantom hits you.
You die...

...(...).).(#...#
..####.÷##..#...# ..#
##.##......# ..#
#.##.#....# ..#
#..#.#....# #.#
####.#.##.### #.#
#⌠.⌠.#.##..# #
#.###.∩..#.###.###.#..##
.)...⌠.⌠......[.s.......
...........###.W##.#..##
..########## ##.# # #<#
#.. ### ##.# .# .. ..


You could see a phantom.

Vanquished Creatures
  Sigmund (D:3)
  The ghost of Ferkelamun the Magician, an amateur GnWn (D:3)
  A scorpion (D:4)
  Ijyb (D:3)
  Terence (D:3)
  A worker ant (D:4)
  Robin (D:4)
  An adder (D:2)
  A worm (D:4)
  A leopard gecko (D:3)
  An orc (D:3)
  A ball python (D:3)
  3 giant cockroaches
  18 goblins
  6 hobgoblins
  4 jackals (D:2)
  A quokka (D:3)
  7 bats
  A frilled lizard (D:4)
  12 kobolds
  9 rats
73 creatures vanquished.

Notes
Turn   | Place    | Note
-------+----------+-------------------------------------------
     0 | D:1      | Mgcat the Merfolk Transmuter began the quest for the Orb.
     0 | D:1      | Reached XP level 1. HP: 15/15 MP: 3/3
   167 | D:1      | Reached XP level 2. HP: 10/21 MP: 1/5
   283 | D:1      | Reached skill level 4 in Unarmed Combat
  1053 | D:2      | Reached XP level 3. HP: 23/26 MP: 6/6
  1111 | D:2      | Learned a level 2 spell: Sticks to Snakes
  1115 | D:2      | Learned a level 3 spell: Spider Form
  1615 | D:2      | Found an ancient bone altar of Kikubaaqudgha.
  1644 | D:2      | Reached skill level 5 in Unarmed Combat
  1993 | D:3      | Found a sacrificial altar of Ru.
  2076 | D:3      | Found a blossoming altar of Fedhas.
  2170 | D:3      | Noticed Ferkelamun's ghost (amateur GnWn)
  2200 | D:3      | HP: 2/26 [Ferkelamun's ghost (12)]
  2245 | D:3      | Reached XP level 4. HP: 7/32 MP: 7/7
  2245 | D:3      | HP: 2/32 [Ferkelamun's ghost (5)]
  2248 | D:3      | Killed Ferkelamun's ghost
  2248 | D:3      | Reached skill level 6 in Unarmed Combat
  2248 | D:3      | Reached XP level 5. HP: 2/37 MP: 7/8
  2629 | D:3      | Noticed Terence
  2643 | D:3      | Killed Terence
  2776 | D:3      | Reached skill level 7 in Unarmed Combat
  3012 | D:3      | Found an iron altar of Okawaru.
  3012 | D:3      | Found a hide-covered altar of Uskayaw.
  3052 | D:3      | Found a glowing silver altar of Zin.
  3137 | D:3      | Noticed Sigmund
  3154 | D:3      | Killed Sigmund
  3154 | D:3      | Reached skill level 8 in Unarmed Combat
  3154 | D:3      | Reached XP level 6. HP: 22/43 MP: 6/9
  3288 | D:3      | Noticed Ijyb
  3299 | D:3      | Killed Ijyb
  3481 | D:4      | Found Guywis's Antique Armour Shop.
  3497 | D:4      | Bought a pair of brightly glowing gloves for 199 gold pieces
  3502 | D:4      | Identified the +1 pair of gloves "Deiminud" {rElec rCorr Str+5 Dex+2} (You bought it in a shop on level 4 of the Dungeon)
  3579 | D:4      | Noticed Robin
  3592 | D:4      | Reached XP level 7. HP: 28/48 MP: 10/10
  3598 | D:4      | Killed Robin
  3685 | D:4      | HP: 10/48 [phantom (3)]
  3686 | D:4      | HP: 4/48 [phantom (5)]
  3687 | D:4      | Slain by a phantom

Skill      XL: |  1  2  3  4  5 |
---------------+----------------+-----
Unarmed Combat | 4 5 6 8 |  8.7
Fighting       | |  1.1
Dodging        | |  2.6
Spellcasting   | |  2.0
Transmutations | |  2.6

Action                   |  1- 3 |  4- 6 |  7- 9 || total
-------------------------+-------+-------+-------++-------
Melee: Unarmed           |    40 |    49 |    16 ||   105
       Short sword       |   123 |    26 |       ||   149
       Punch             |     4 |     3 |     1 ||     8
       Headbutt          |     9 |     6 |     1 ||    16
 Cast: Beastly Appendage |    13 |     4 |     1 ||    18
       Spider Form       |     4 |     5 |     1 ||    10
       Sticks to Snakes  |     1 |     2 |       ||     3
 Stab: Sleeping          |     1 |     1 |       ||     2
  Eat: Chunk             |     5 |     3 |       ||     8
       Ration            |       |     1 |       ||     1
Armor: Robe              |    18 |     2 |     2 ||    22
       Skin              |       |     1 |       ||     1
Dodge: Dodged            |   130 |    47 |    12 ||   189

Vault maps used:
D:1:      saegor_arrival_simple_e, st_stairs_9
D:2:      kiku_gazebo_garden_becter, glass_columns_b
D:3:      lemuel_crystal_altar, grunt_temple_overflow_open, zin_statuary,
          nicolae_ru_sacrificial_ziggurat, uniq_sigmund, uniq_terence, uniq_ijyb
D:4:      first_ration, serial_shops, shop_fountains, uniq_robin, uniq_eustachio

Table legend:
 A = Turns spent in this place as a percentage of turns spent in the entire game.
 B = Non-inter-level travel turns spent in this place as a percentage of non-inter-level travel turns spent in the entire game.
 C = Inter-level travel turns spent in this place as a percentage of turns spent in this place.
 D = Turns resting spent in this place as a percentage of non-inter-level travel turns spent in this place.
 E = Turns spent auto-exploring this place as a percentage of non-inter-level travel turns spent in this place.
 F = Non-inter-level travel turns spent in this place divided by the number of levels of this place that you've seen.
                   A       B       C       D       E      F
               +-------+-------+-------+-------+-------+----------------------
         Total | 100.0 | 100.0 |   3.3 |   0.0 |  83.0 | 891.0
       Dungeon | 100.0 | 100.0 |   3.3 |   0.0 |  83.0 | 891.0
               +-------+-------+-------+-------+-------+----------------------

Table legend:
 A = Kills in this place as a percentage of kills in entire the game.
 B = Kills by you in this place as a percentage of kills by you in the entire game.
 C = Kills by friends in this place as a percentage of kills by friends in the entire game.
 D = Other kills in this place as a percentage of other kills in the entire game.
 E = Experience gained in this place as a percentage of experience gained in the entire game.
 F = Experience gained in this place divided by the number of levels of this place that you have seen.
                   A       B       C       D       E      F
               +-------+-------+-------+-------+-------+----------------------
         Total | 100.0 | 100.0 |   N/A |   N/A | 100.0 | 177.5
       Dungeon | 100.0 | 100.0 |   N/A |   N/A | 100.0 | 177.5
               +-------+-------+-------+-------+-------+----------------------
